 Dungeon Crawl Stone Soup version 0.18-a0-739-gdae9da8 (webtiles) character file.

16 cluie the Insei (level 2, 0/21 HPs)
             Began as a Demonspawn Transmuter on Dec 10, 2015.
             Succumbed to an adder's poison
             ... on level 2 of the Dungeon.
             The game lasted 00:00:57 (239 turns).

cluie the Insei (Demonspawn Transmuter)              Turns: 239, Time: 00:00:58

Health: 0/21       AC:  3    Str: 10    XL:     2   Next: 41%
Magic:  3/5        EV: 12    Int: 14    God:
Gold:   0          SH:  0    Dex: 13    Spells: 2 memorised, 2 levels left

rFire  + . .     SeeInvis .       - Unarmed
rCold  + . .     Clarity  .     b - +0 robe
rNeg   . . .     SustAt   .     (no shield)
rPois  +         Gourm    .     (no helmet)
rElec  +         Spirit   .     (no cloak)
rCorr  +         Dismiss  .     (no gloves)
rMut   .         Stasis   .     (no boots)
MR     .....                    (no amulet)
Stlth  +.........               (no ring)
                                (no ring)

@: lethally poisoned (0 -> -3), resistant, not resistant to hostile
enchantments, very unstealthy
A: molten scales 1
a: no special abilities


You were on level 2 of the Dungeon.
You were not hungry.

You visited 1 branch of the dungeon, and saw 2 of its levels.

Inventory:

Missiles
 a - 10 arrows
Armour
 b - a +0 robe (worn)
Jewellery
 g - an uncursed ring of flight {unknown}
Potions
 f - a potion of resistance
Books
 c - a book of Changes

   Spells                             Type                      Level
   a - Beastly Appendage              Transmutation                1
   b - Sticks to Snakes               Transmutation                2
   c - Spider Form                    Transmutation/Poison         3
   d - Ice Form                       Ice/Transmutation            4
   e - Blade Hands                    Transmutation                5
Comestibles
 d - a bread ration


   Skills:
 + Level 1.4 Fighting
 + Level 2.2 Dodging
 * Level 3.0 Unarmed Combat
 - Level 2.0 Spellcasting
 - Level 1.7 Transmutations


You had 2 spell levels left.
You knew the following spells:

 Your Spells              Type           Power        Failure   Level  Hunger
a - Beastly Appendage     Trmt           #.....       14%         1    ##.....
b - Sticks to Snakes      Trmt           #.......     21%         2    ###....


Dungeon Overview and Level Annotations

Branches:
Dungeon (2/15)

Altars:


Innate Abilities, Weirdness & Mutations

You are partially covered in molten scales (AC +1).


Message History

The bat is moderately wounded.
The bat barely misses you.
Your adder barely misses the bat.
The bat struggles to escape constriction.
Your ball python barely misses the bat.
Your ball python constricts the bat.
Unknown command.
You hit the bat.
You kill the bat!
Unknown command.
You butcher the adder corpse.
* * * LOW HITPOINT WARNING * * *
You feel sick.
You see here a chunk of flesh.
Unknown command.
Read which item? (? for menu, Esc to quit)
As you read the scroll labeled RENKUA QI HOI, it crumbles to dust.
It is a scroll of recharging.
You aren't carrying any rechargeable items.
Unknown command.
You swap places.
You die...

# ####### #####..
##..?..##......#
##...............
#.............#
#...<.........#
#........@....#
#......S....%.#
#......S.........
#.....%.......#.#
##.....†......# #
##.....##....#
####### ##..#
.... ...


You could see a friendly adder and a friendly ball python.

Vanquished Creatures
  A ball python (D:1)
  2 hobgoblins (D:1)
  A kobold (D:2)
  A bat (D:2)
  2 goblins (D:1)
  3 rats (D:1)
10 creatures vanquished.

Vanquished Creatures (collateral kills)
  An adder (D:2)
  A giant newt (D:2)
2 creatures vanquished.

Grand Total: 12 creatures vanquished

Notes
Turn   | Place    | Note
--------------------------------------------------------------
     0 | D:1      | cluie the Demonspawn Transmuter began the quest for the Orb.
     0 | D:1      | Reached XP level 1. HP: 15/15 MP: 3/3
   111 | D:1      | Gained mutation: You are partially covered in molten scales (AC +1). [demonic ancestry]
   111 | D:1      | Reached XP level 2. HP: 8/21 MP: 3/5
   144 | D:1      | Learned a level 2 spell: Sticks to Snakes
   227 | D:2      | Reached skill level 3 in Unarmed Combat
   235 | D:2      | HP: 1/21 [poisoned by an adder]
   239 | D:2      | Succumbed to an adder's poison

Vault maps used:
D:1:      eino_arrival_water_cross
D:2:      nicolae_overflow_crystal_walls, overflow_temple_1_default,
          serial_forest, infiniplex_forest_clump_small,
          infiniplex_forest_straight_3, infiniplex_forest_clump_medium,
          infiniplex_forest_end_2, infiniplex_forest_straight_2,
          infiniplex_forest_clump_long, infiniplex_forest_lined_room_,
          infiniplex_forest_clump_double

Action                   || total
-------------------------++-------
Melee: Unarmed           ||    36
 Cast: Beastly Appendage ||     1
       Sticks to Snakes  ||     2
  Use: Scroll            ||     1
       Potion            ||     1
 Stab: Distracted        ||     1
